 Dungeon Crawl Stone Soup version 0.26-a0-651-gb41185065b (webtiles) character file.

Game seed: 17106011256756661667

63 Lanoc the Slasher (level 3, -1/43 HPs)
             Began as a Vampire Berserker on Oct 31, 2020.
             Was a Follower of Trog.
             Slain by a goblin
             ... wielding a +0 dagger
             ... led by Robin
              (3 damage)
             ... on level 2 of the Dungeon.
             The game lasted 00:00:23 (103 turns).

Lanoc the Slasher (Vampire Berserker)                Turns: 103, Time: 00:00:24

Health: -1/43      AC:  2    Str: 16    XL:     3   Next: 89%
Magic:  3/3        EV: 13    Int:  9    God:    Trog [*.....]
Gold:   32         SH:  0    Dex: 14    Spells: 2/2 levels left

rFire    . . .     SeeInvis +   a - +0 falchion
rCold    . . .     Faith    .   (no shield)
rNeg     . . .     Spirit   .   b - +0 animal skin
rPois    .         Reflect  .   (no helmet)
rElec    .         Harm     .   (no cloak)
rCorr    .         Rampage  .   (no gloves)
MR       .....                  (no boots)
Stlth    ..........             (no amulet)
HPRegen  0.34/turn              (no ring)
MPRegen  0.08/turn              (no ring)

@: berserking, regenerating quickly, very quick
A: fangs 3, see invisible, unbreathing
a: Exsanguinate, Berserk, Renounce Religion


You were on level 2 of the Dungeon.
You worshipped Trog.
Trog was aware of your devotion.
You visited 1 branch of the dungeon, and saw 2 of its levels.

You collected 32 gold pieces.

Inventory:

Hand Weapons
 a - a +0 falchion (weapon)
Armour
 b - a +0 animal skin (worn)
Scrolls
 d - a scroll of identify {unknown}
Potions
 c - a potion of heal wounds {unknown}
 e - a potion of experience {unknown}


   Skills:
 + Level 3.2 Fighting
 * Level 4.0 Long Blades
 - Level 1.5 Armour
 + Level 3.0 Dodging


You had 2 spell levels left.
You didn't know any spells.
Your spell library was empty.

Dungeon Overview and Level Annotations

Branches:
Dungeon (2/15)

Altars:

Annotations:
D:2 Robin


Innate Abilities, Weirdness & Mutations

Your natural rate of healing is unusually fast.
You have razor-sharp teeth.
You have supernaturally acute eyesight. (SInv)
You can survive without breathing.


Message History

* * * LOW HITPOINT WARNING * * *
A goblin comes into view. It is wielding a +0 club.
You barely miss the bullfrog.
The goblin shouts!
Your bite misses the bullfrog.
The bullfrog is almost dead.
The bullfrog misses you.
You riposte.
You slash the bullfrog!
You kill the bullfrog!
Trog accepts your kill.
Your Fighting skill increases to level 3!
Your Long Blades skill increases to level 4!
Your Dodging skill increases to level 3!
You have reached level 2!
You have reached level 3!
Your experience leads to an increase in your attributes!
Increase (S)trength, (I)ntelligence, or (D)exterity?
You feel agile.
If you were bloodless you could now transform into a vampire bat.
The goblin hits you with a +0 dagger.
You die... ... #. .# #. ...? ..... gg.

.......#.#.# #g#
................
..#.....#.#.#g#
...........lg.
....)...#.#†#l#.#.
.....$...g@K......
........#.#.#.#.#.
#........!..(...>
.......<#.#.#.#.#
................
.##..##.#.#.#.#.#
..(. ............
... ..#.#.#.#.#.
.. .#..........


You could see a hobgoblin, 5 goblins, a kobold and 2 frilled lizards.

Vanquished Creatures
  A bullfrog (D:2)
  A bat (D:1)
  A hobgoblin (D:1)
  A kobold (D:1)
  2 rats (D:1)
6 creatures vanquished.

Notes
Turn   | Place    | Note
-------+----------+-------------------------------------------
     0 | D:1      | Lanoc the Vampire Berserker began the quest for the Orb.
     0 | D:1      | Reached XP level 1. HP: 17/17 MP: 1/1
    95 | D:2      | Noticed a bullfrog
    98 | D:2      | Noticed Robin
   102 | D:2      | HP: 1/25 [bullfrog (8)]
   103 | D:2      | Killed a bullfrog
   103 | D:2      | Reached skill level 4 in Long Blades
   103 | D:2      | Reached XP level 2. HP: 2/24 MP: 2/2
   103 | D:2      | Reached XP level 3. HP: 2/29 MP: 3/3
   103 | D:2      | Slain by a goblin

Illustrated notes

Levels and vault maps discovered:
D:1:      dpeg_arrival_tiny_a, layout_rooms, hangedman_decor_points,
          st_stairs_9, okawaru_ov_weapons_minmay
D:2:      layout_rooms, st_stairs_11, uniq_robin, uniq_sigmund

Skill      XL: |  1 |
---------------+----+-----
Fighting       | 3 |  3.2
Long Blades    | 4 |  4.0
Dodging        | 3 |  3.0
Armour         | |  1.5

Action                   || total
-------------------------++-------
Melee: Falchion          ||    15
       Bite              ||     2
Invok: Berserk           ||     1
Armor: Animal skin       ||     2
Dodge: Dodged            ||    14
       Rpst.: Falchion   ||     8

Table legend: (Time is in decaauts)
 A = Elapsed time spent in this place.
 B = Non-inter-level travel time spent in this place.
 C = Inter-level travel time spent in this place.
 D = Time resting spent in this place.
 E = Time spent auto-exploring this place.
 F = Levels seen in this place.
 G = Mean time per level.
                   A        B        C        D        E       F      G
               +--------+--------+--------+--------+--------+-----+--------+
         Total |    103 |     94 |      9 |      0 |     55 |   2 |   51.5 |
       Dungeon |    103 |     94 |      9 |      0 |     55 |   2 |   51.5 |
               +--------+--------+--------+--------+--------+-----+--------+

Top non-repeatable levels by time:
     D:1: 96 daAuts
     D:2: 7 daAuts
